 Dungeon Crawl Stone Soup version 0.31-a0-214-gb37851dbb3 (webtiles) character file.

Game seed: 16214639913006061112

50 qw the Shooter (level 3, -4/21 HPs)
             Began as a Gargoyle Hexslinger on July 1, 2023.
             Was an Initiate of Okawaru.
             Slain by Terence
             ... wielding a +0 mace of protection
              (6 damage)
             ... on level 3 of the Dungeon.
             The game lasted 00:00:28 (1609 turns).

qw the Shooter (Gargoyle Hexslinger)                Turns: 1609, Time: 00:00:28

Health: -4/21      AC:  8    Str: 11    XL:     3   Next: 79%
Magic:  4/4        EV: 10    Int: 13    God:    Okawaru [......]
Gold:   62         SH:  0    Dex: 14    Spells: 3/4 levels left

rFire   + . .        e - +1 sling (heavy)
rCold   . . .        (no shield)
rNeg    + . .        k - +0 ring mail
rPois   inf          (no helmet)
rElec   +            (no cloak)
rCorr   .            (no gloves)
SInv    .            (no boots)
Will    .....        (no amulet)
Stlth   +            i - ring of protection from fire
HPRegen 0.23/turn    (no ring)
MPRegen 0.09/turn

%: no passive effects
@: about to teleport
A: sickness immunity, AC +3, negative energy resistance 1, electricity
resistance, torment resistance 1, petrification resistance
a: Renounce Religion


You were on level 3 of the Dungeon.
You worshipped Okawaru.
Okawaru was noncommittal.
You visited 1 branch of the dungeon, and saw 3 of its levels.

You collected 84 gold pieces.
You spent 22 gold pieces at shops.


Innate Abilities, Weirdness & Mutations

You are immune to sickness and miasma.
Your stone body is resilient. (AC +3)
You are immune to poison.
You resist negative energy. (rN+)
You are resistant to electric shocks. (rElec)
You are resistant to unholy torment.
You are immune to petrification.


   Skills:
 - Level 2.0 Fighting
 + Level 3.6 Ranged Weapons
 - Level 1.5 Dodging
 - Level 1.0 Spellcasting
 - Level 2.6 Hexes


You had 3 spell levels left.
You knew the following spells:

 Your Spells              Type           Power      Damage    Failure   Level
a - Slow                  Hex            28%        N/A       22%         1

Your spell library contained the following spells:

 Spells                   Type           Power      Damage    Failure   Level
 Inner Flame              Hex/Fire       4%         N/A       75%         3
 Portal Projectile        Hex/Tloc       8%         N/A       75%         3
 Cause Fear               Hex            3%         N/A       92%         4

Inventory:

Hand Weapons
 e - a +1 heavy sling (weapon)
Armour
 k - a +0 ring mail (worn)
Jewellery
 i - a ring of protection from fire (left hand)
Scrolls
 c - a scroll of teleportation
 l - a scroll of identify
Potions
 a - a potion of mutation
 h - a potion of heal wounds

Dungeon Overview and Level Annotations

Branches:
Dungeon (3/15)

Altars:
Elyvilon
Fedhas
Okawaru
Zin

Shops:
D:1 [

Annotations:
D:3 Terence


Message History

Terence is lightly wounded.
You shoot a sling bullet.
The sling bullet hits Terence but does no damage.
Terence is lightly wounded.
You shoot a sling bullet. The sling bullet barely misses Terence.
You shoot a sling bullet.
The sling bullet hits Terence but does no damage.
Terence is lightly wounded.
Terence hits you with a +0 mace of protection.
Terence closely misses you.
You shoot a sling bullet. The sling bullet hits Terence.
Terence is lightly wounded.
Terence hits you with a +0 mace of protection. x2
You shoot a sling bullet. The sling bullet barely misses Terence.
Terence barely misses you. Terence hits you but does no damage.
You shoot a sling bullet.
The sling bullet closely misses Terence.
Terence hits you with a +0 mace of protection.
Terence hits you but does no damage.
You shoot a sling bullet. The sling bullet hits Terence.
Terence is moderately wounded.
Terence hits you but does no damage.
Terence hits you with a +0 mace of protection.
You shoot a sling bullet. The sling bullet hits Terence!
Terence is severely wounded.
Terence hits you with a +0 mace of protection.
Terence closely misses you.
You shoot a sling bullet. The sling bullet barely misses Terence.
Terence closely misses you. Terence barely misses you.
You shoot a sling bullet. The sling bullet hits Terence.
Terence is almost dead.
Terence misses you.
Terence hits you with a +0 mace of protection.
You shoot a sling bullet. The sling bullet barely misses Terence.
Terence hits you with a +0 mace of protection. x2
1609 ||| READING 2 scrolls of teleportation.
As you read the scroll of teleportation, it crumbles to dust.
You feel strangely unstable.
Terence hits you with a +0 mace of protection.
You die...

....... #...#####.
.......###._.......
.......#.........##
.......#<..#.....#
.......#.........#
.......+.........#
.......#.........#
.................#
....._..##..@#####
...._8..#####@......
....._..# .######
##......# .#
######## )# .# .# .#


You could see Terence.

Vanquished Creatures
  2 worms (D:2)
  2 dart slugs
  4 endoplasms
  4 giant cockroaches (D:1)
  5 goblins
  5 hobgoblins
  2 jackals (D:2)
  5 ball pythons
  A bat (D:1)
  3 kobolds
  A rat (D:2)
34 creatures vanquished.

Notes
Turn   | Place    | Note
-------+----------+-------------------------------------------
     0 | D:1      | qw the Gargoyle Hexslinger began the quest for the Orb.
     0 | D:1      | Reached XP level 1. HP: 12/12 MP: 2/2
     0 | D:1      | 0 ||| qw: Version: 0.3-a-32-g5962c71
     0 | D:1      | 0 ||| qw: Game counter: 7644
     0 | D:1      | 0 ||| qw: Melee chars always use a shield: true
     0 | D:1      | 0 ||| qw: God list: Okawaru
     0 | D:1      | 0 ||| qw: Allow faded altars: false
     0 | D:1      | 0 ||| qw: Do Orc after clearing Dungeon:15 true
     0 | D:1      | 0 ||| qw: Do second Lair branch before Depths: true
     0 | D:1      | 0 ||| qw: Lair rune preference: random
     0 | D:1      | 0 ||| qw: Goals: Normal
     0 | D:1      | 0 ||| PLANNING D:1-11
   278 | D:1      | Reached XP level 2. HP: 16/16 MP: 3/3
   375 | D:1      | Reached skill level 3 in Ranged Weapons
   538 | D:1      | Found Ranaegge's Armour Emporium.
   549 | D:1      | 549 ||| BUYING +0 leather armour (22 gold).
   549 | D:1      | Bought a +0 leather armour for 22 gold pieces
   549 | D:1      | 549 ||| SHOPLISTING +0 ring mail (44 gold, have 13).
   549 | D:1      | 549 ||| SHOPLISTING +1 pair of boots (126 gold, have 13).
   755 | D:1      | 755 ||| UPGRADING to +0 leather armour.
   765 | D:1      | 765 ||| DROPPING +0 robe.
   766 | D:1      | 766 ||| UPGRADING to +0 ring mail.
   776 | D:1      | 776 ||| DROPPING +0 leather armour.
   777 | D:1      | 777 ||| UPGRADING to ring of protection from fire.
   778 | D:1      | 778 ||| READING scroll labelled ZERUOPS HODIU.
   779 | D:1      | 779 ||| READING scroll labelled SOSEDO YRULOLY.
   783 | D:1      | 783 ||| READING 4 scrolls labelled WUBRA UCOLLUE.
   784 | D:1      | 784 ||| READING scroll labelled WUR ZIKHLATU.
   785 | D:1      | 785 ||| READING 3 scrolls of identify.
   785 | D:1      | 785 ||| IDENTIFYING glowing silvery potion
   786 | D:1      | 786 ||| READING 2 scrolls of identify.
   786 | D:1      | 786 ||| IDENTIFYING yellow potion
   787 | D:1      | 787 ||| DROPPING scroll of poison.
   788 | D:1      | 788 ||| DROPPING potion of degeneration.
   886 | D:2      | Reached XP level 3. HP: 21/21 MP: 4/4
  1543 | D:2      | 1543 ||| READING scroll labelled GENIPN ZUOR QEOSK.
  1544 | D:2      | 1544 ||| READING 2 scrolls of identify.
  1544 | D:2      | 1544 ||| IDENTIFYING murky black potion
  1572 | D:3      | Found an iron altar of Okawaru.
  1573 | D:3      | 1573 ||| PLANNING OKAWARU WORSHIP
  1573 | D:3      | 1573 ||| STAIRDANCE
  1580 | D:3      | Became a worshipper of Warmaster Okawaru
  1581 | D:3      | 1581 ||| PLANNING D:1-11
  1582 | D:3      | Found a white marble altar of Elyvilon.
  1585 | D:3      | Found a blossoming altar of Fedhas.
  1585 | D:3      | Found a glowing silver altar of Zin.
  1596 | D:3      | Noticed Terence
  1608 | D:3      | HP: 5/21 [Terence/+0 mace of protection (6)]
  1608 | D:3      | HP: 2/21 [Terence/+0 mace of protection (3)]
  1609 | D:3      | 1609 ||| READING 2 scrolls of teleportation.
  1609 | D:3      | Slain by Terence

Levels and vault maps discovered:
D:1:      ncdulo_smallfort, layout_basic, serial_shops, shop
D:2:      layout_basic, st_stairs_5
D:3:      layout_basic, chequers_temple_overflow_statue_of_worship,
          mainiacjoe_overflow_tiny_flanked, nicolae_ru_path_of_blood,
          kennysheep_crisscross, grunt_ministairs_13, dk_vineyard_2,
          st_stairs_5, uniq_terence

Skill      XL: |  1  2 |
---------------+-------+-----
Ranged Weapons | 3 |  3.6
Fighting       | 2 |  2.0
Dodging        | |  1.5
Spellcasting   | |  1.0
Hexes          | |  2.6

Action                     || total
---------------------------++-------
   Fire: Sling             ||    84
    Use: Scroll            ||     9
 Armour: Robe              ||     3
         Ring mail         ||     6
  Dodge: Dodged            ||    15

Table legend:
 A = Non-vault XP
 B = Vault XP
 C = Vault XP percentage of total XP
 D = Non-vault monster count
 E = Vault monster count
 F = Vault count percentage of total count
                 A         B        C        D         E       F
            +---------+---------+-------+---------+---------+-------
      Total |      62 |      10 |  13.9 |      31 |       3 |   8.8
            +---------+---------+-------+---------+---------+-------
        D:1 |      30 |       0 |   0.0 |      16 |       0 |   0.0
        D:2 |      29 |      10 |  25.6 |      13 |       3 |  18.8
        D:3 |       3 |       0 |   0.0 |       2 |       0 |   0.0
            +---------+---------+-------+---------+---------+-------
